 Seeded DCSS version 0.27.1-34-g3ba077fa99 (webtiles) character file.

Game seed: 420757259524105916 (custom seed)

3741 croobank the Carver (level 9, -1/109 (123) HPs)
             Began as a Minotaur Berserker on Jan 1, 2022.
             Was a High Priest of Trog.
             Slain by a soul eater (13 damage)
             ... summoned by a kobold demonologist
             ... on level 8 of the Dungeon.
             The game lasted 00:30:05 (6382 turns).

croobank the Carver (Minotaur Berserker)            Turns: 6382, Time: 00:30:06

HP:   -1/109 (123)  AC: 24    Str: 36    XL:     9   Next: 93%
MP:   8/8           EV:  2    Int:  4    God:    Trog [*****.]
Gold: 178           SH:  0    Dex: 11    Spells: 8/8 levels left

rFire    . . .     SeeInvis .   a - +5 triple sword (flame)
rCold    . . .     Faith    .   (shield currently unavailable)
rNeg     + + +     Spirit   .   (armour currently unavailable)
rPois    +         Reflect  .   (helmet currently unavailable)
rElec    .         Harm     .   (cloak currently unavailable)
rCorr    .         Rampage  .   (gloves currently unavailable)
Will     .....     NoTele   +   (boots currently unavailable)
Stlth    ++........             (no amulet)
HPRegen  0.28/turn              o - +6 ring of strength
MPRegen  0.11/turn              s - +6 ring of strength

@: tree-form, heavily drained, very slow
A: stationary, stasis, torment immunity, boosted hp, (horns 2), (retaliatory
headbutt)
a: Renounce Religion, Berserk, Trog's Hand, Brothers in Arms


You were on level 8 of the Dungeon.
You worshipped Trog.
Trog was extremely pleased with you.
You were a tree.
You visited 1 branch of the dungeon, and saw 8 of its levels.

You collected 409 gold pieces.
You spent 231 gold pieces at shops.

Inventory:

Hand Weapons
 a - a +5 triple sword of flaming (weapon)
 b - a +0 hand crossbow
 e - a +0 long sword
 j - a +0 hunting sling
 l - a +0 falchion
Missiles
 i - 87 bolts
 m - 219 stones (quivered)
 p - 137 arrows
 w - 26 poisoned darts
 A - 3 boomerangs
 B - 36 sling bullets
Armour
 v - a +0 cloak of stealth (melded)
 y - a +0 kite shield
 D - a +2 tower shield
 E - the +1 chain mail of Complete Protection (melded) {Regen+}
   (You bought it in a shop on level 6 of the Dungeon)

   Regen:     It increases your rate of health regeneration.
Jewellery
 o - a +6 ring of strength (left branch)
 s - a +6 ring of strength (right branch)
Wands
 u - a wand of digging (9)
 G - a wand of charming (4)
 I - a wand of flame (20)
Scrolls
 d - 3 scrolls of blinking {blinking, unknown}
 f - a scroll of magic mapping {magic mapping, unknown}
 h - a scroll of teleportation {teleport, unknown}
 t - 3 scrolls of identify
 x - 2 scrolls of summoning {summoning}
 C - a scroll of amnesia {amnesia, unknown}
 H - a scroll of immolation {immolation, unknown}
Potions
 c - a potion of might {might, unknown}
 g - a potion of lignification {lignification}
 k - 6 potions of flight {flight}
 n - a potion of brilliance {brilliance, unknown}
 q - a potion of haste {haste}
 r - 2 potions of ambrosia {ambrosia, unknown}
 z - 2 potions of curing {curing}
 F - a potion of attraction {attraction, unknown}


   Skills:
 + Level 8.5 Fighting
 + Level 12.5 Long Blades
 + Level 1.9 Crossbows
 + Level 7.7 Armour
 + Level 4.1 Dodging
 + Level 1.3 Stealth


You had 8 spell levels left.
You didn't know any spells.
Your spell library was empty.

Dungeon Overview and Level Annotations

Branches:
Dungeon (8/15)             Temple (0/1) D:7
   Lair: D:8-11

Altars:
Elyvilon
Kikubaaqudgha
Qazlal
Sif Muna
Xom
Zin
The Shining One

Shops:
D:2 [   D:6 [   D:7 *

Annotations:
D:8 1 transporter


Innate Abilities, Weirdness & Mutations

You are a tree.
Your roots penetrate the ground, keeping you stationary.
You cannot be teleported.
You are immune to unholy pain and torment.
Your maximum health is greatly increased.
Your equipment is partially melded.
((You have a pair of horns on your head.))
((You reflexively headbutt those who attack you in melee.))


Message History

The floor.
Okay, then.
You closely miss the kobold demonologist.
The kobold demonologist is moderately wounded.
You feel drained.
The ufetubus splashes around in the water.
The ufetubus hits your wight but does no damage.
Your hornet stings the shadow imp but does no damage.
The ufetubus hits the plant. x2
The orc priest hits you with a +0 hand axe.
* * * LOW HITPOINT WARNING * * *
The orc priest hits your hornet but does no damage.
The shadow imp hits you but does no damage.
The orc priest closely misses your hornet.
The kobold demonologist hits you but does no damage.
The ufetubus hits your wight but does no damage.
The ufetubus barely misses your wight.
The soul eater draws from the surrounding life force!
Your hornet is drained of life.
Your wight hits the soul eater with a +0 battleaxe!
Your hornet closely misses the orc priest.
Your wight splashes around in the water.
The ufetubus hits the plant. x2; The neqoxec hits your wight!
Your wight is destroyed!
Your wight dissolves into shadows!
The orc priest hits you but does no damage.
The orc priest misses your hornet.
The kobold demonologist casts a spell.
The orc priest calls down the wrath of Beogh upon you.
Beogh smites you!
* * * LOW HITPOINT WARNING * * *
The shadow imp hits you.
* * * LOW HITPOINT WARNING * * *
Okay, then.
It was a potion of curing {curing}.
You feel better.
You feel drained.
A nearby plant withers and dies.
Your hornet stings the orc priest!
The orc priest seems to slow down.
Your wight splashes around in the water.
The soul eater hits you!
You die...

#. #.....# ..###.....##
..>.......####......
###..)......##......#
###..#......................#
##....#.###############.[....#
#.......#8P#.5oK5oo#≈8#......##
........#P.#≈≈33♣y≈#.≈#z.......
........#$$#..54zz.#..#........
.......©#©.+..5♣≈..'.©#©...# ..
#.....#$$#..P≈≈..#..#..<.#..#
#....#P.#≈≈≈≈≈≈≈#.≈#........
#..#.#8≈#.)..o..#≈8#......##
#..#.###############.......#
#.##..................##.... ≈
#.####..........#...........


You could see a soul eater (summoned), a rust devil (summoned), a kobold
demonologist, a neqoxec (summoned), a wight, 4 orc priests, a quasit (summoned),
a shadow imp, 2 ufetubi, a friendly hornet (summoned) and 2 friendly wights.

Vanquished Creatures
  Pikel (D:7)
  A yak (D:8)
  3 steam dragons
  Duvessa (D:7)
  3 water moccasins
  3 ice beasts
  A black bear (D:5)
  An orc warrior (D:6)
  An ogre (D:7)
  A centaur (D:6)
  2 kobold brigands
  A phantom (D:6)
  3 bullfrogs (D:7)
  A scorpion (D:6)
  Dowan (D:7)
  5 killer bees (D:5)
  3 hounds
  2 orc priests
  A centaur skeleton (D:7)
  A jelly (D:5)
  A bullfrog skeleton (D:5)
  5 iguanas
  A scorpion zombie (D:5)
  9 orc wizards
  A howler monkey zombie (D:6)
  8 gnolls
  A howler monkey skeleton (D:4)
  9 adders
  2 white imps (D:6)
  2 ufetubi
  2 adder zombies (D:5)
  An adder skeleton (D:4)
  3 worms
  A dart slug (D:4)
  18 orcs
  10 endoplasms
  3 giant cockroaches
  7 goblins
  10 hobgoblins
  10 jackals (D:1)
  4 quokkas
  5 ball pythons
  7 bats
  2 frilled lizards
  18 kobolds
  4 rats (D:1)
180 creatures vanquished.

Vanquished Creatures (collateral kills)
  A shadow imp (D:8)
1 creature vanquished.

Vanquished Creatures (others)
  6 plants (D:8)
6 creatures vanquished.

Grand Total: 187 creatures vanquished

Notes
Turn   | Place    | Note
-------+----------+-------------------------------------------
     0 | D:1      | croobank the Minotaur Berserker began the quest for the
                  | Orb.
     0 | D:1      | Reached XP level 1. HP: 19/19 MP: 0/0
   149 | D:1      | Reached XP level 2. HP: 25/27 MP: 1/1
   182 | D:1      | Reached skill level 4 in Long Blades
   609 | D:1      | Reached XP level 3. HP: 33/33 MP: 2/2
   616 | D:1      | Reached ** piety under Trog
  1270 | D:1      | Found a faded altar of an unknown god.
  1355 | D:2      | Reached skill level 5 in Long Blades
  1355 | D:2      | Reached XP level 4. HP: 38/41 MP: 3/3
  1650 | D:2      | Found a shimmering altar of Xom.
  1709 | D:2      | Found Toes's Armour Shop.
  2294 | D:3      | Reached XP level 5. HP: 47/47 MP: 4/4
  2899 | D:4      | Reached skill level 6 in Long Blades
  2899 | D:4      | Reached skill level 1 in Stealth
  3107 | D:4      | Reached *** piety under Trog
  3381 | D:4      | Reached XP level 6. HP: 54/55 MP: 5/5
  3708 | D:5      | Entered Level 5 of the Dungeon
  3713 | D:5      | Reached skill level 5 in Fighting
  3713 | D:5      | Reached skill level 7 in Long Blades
  3726 | D:5      | Reached XP level 7. HP: 13/61 MP: 6/6
  3736 | D:5      | HP: 3/61 [poisoned by a killer bee]
  4083 | D:5      | Reached skill level 8 in Long Blades
  4099 | D:5      | Reached skill level 5 in Armour
  4176 | D:5      | Reached **** piety under Trog
  4422 | D:5      | Reached XP level 8. HP: 60/70 MP: 7/7
  4494 | D:5      | Found a shimmering blue altar of Sif Muna.
  4643 | D:6      | Reached skill level 9 in Long Blades
  4659 | D:6      | Reached skill level 1 in Crossbows
  4886 | D:6      | Found a white marble altar of Elyvilon.
  4988 | D:6      | Reached skill level 10 in Long Blades
  5047 | D:6      | Found Boaty's Armour Boutique.
  5056 | D:6      | Bought the +1 chain mail of Complete Protection {Regen+}
                  | for 231 gold pieces
  5322 | D:6      | Reached XP level 9. HP: 80/80 MP: 8/8
  5364 | D:6      | Found a stormy altar of Qazlal.
  5640 | D:7      | Found Ynwuith's Elemental Accessories.
  5651 | D:7      | Noticed Duvessa
  5653 | D:7      | Noticed Dowan
  5657 | D:7      | Killed Duvessa
  5661 | D:7      | Killed Dowan
  5662 | D:7      | Reached skill level 11 in Long Blades
  5744 | D:7      | Found a staircase to the Ecumenical Temple.
  5905 | D:7      | Noticed Pikel
  5922 | D:7      | Killed Pikel
  5923 | D:7      | Reached skill level 12 in Long Blades
  6032 | D:7      | Found an ancient bone altar of Kikubaaqudgha.
  6032 | D:7      | Found a glowing golden altar of the Shining One.
  6045 | D:7      | Found a glowing silver altar of Zin.
  6212 | D:8      | Reached ***** piety under Trog
  6329 | D:8      | Found a transporter.
  6332 | D:8      | Noticed a kobold demonologist
  6343 | D:8      | Found a transporter.
  6374 | D:8      | Noticed a soul eater
  6381 | D:8      | HP: 3/114 [shadow imp (4)]
  6382 | D:8      | Noticed a rust devil
  6382 | D:8      | Slain by a soul eater

Illustrated notes

Levels and vault maps discovered:
D:1:      lemuel_arrival_room, layout_loops_ring,
          shapermc_ecumenical_altar_mp_vishouse, minmay_pentomino_t2
D:2:      minmay_door_path, layout_basic, basic_altar, serial_shops, shop
D:3:      layout_basic
D:4:      layout_loops_ring
D:5:      layout_rooms, mainiacjoe_overflow_alcove_2, kennysheep_windowed_goal
D:6:      layout_gridville, nicolae_qazlal_general_emergency, elyvilon_altar_3,
          serial_shops, nicolae_shop_competitors_out_of_business,
          minmay_misc_feat_secret_circle
D:7:      layout_basic, zin_academy, gammafunk_temple_overflow_elements,
          minmay_temple_entry_arrows, nicolae_elemental_shop, minivault_1,
          uniq_duvessa, uniq_pikel
D:8:      gammafunk_wand_slinger, layout_cave_pools,
          mainiacjoe_overflow_alcove_1, serial_ice, serial_ice_l, serial_ice_h,
          serial_ice_n, serial_ice_d, serial_ice_g, serial_ice_f, serial_ice_a,
          abandoned_shop, minmay_fire_ice_demons

Skill      XL: |  1  2  3  4  5  6  7  8  9 |
---------------+----------------------------+-----
Fighting       | 4 5 7 8 |  8.5
Long Blades    | 4 5 6 7 8 10 12 | 12.5
Dodging        | 3 4 |  4.1
Stealth        | 1 |  1.3
Armour         | 4 5 6 7 |  7.7
Crossbows      | 1 |  1.9

Action                   |  1- 3 |  4- 6 |  7- 9 || total
-------------------------+-------+-------+-------++-------
Melee: Falchion          |    46 |       |       ||    46
       Headbutt          |     7 |     9 |    34 ||    50
       Triple sword      |    31 |    70 |   134 ||   235
 Fire: Hand crossbow     |       |       |     7 ||     7
  Use: Scroll            |       |     3 |     2 ||     5
       Potion            |       |       |     4 ||     4
 Stab: Sleeping          |     2 |     1 |       ||     3
Armor: Animal skin       |    13 |     5 |       ||    18
       Chain mail        |       |    39 |    93 ||   132
       Skin              |       |       |     4 ||     4
Dodge: Dodged            |    66 |    43 |   118 ||   227
       Rpst.: Falchion   |    16 |       |       ||    16
       Triple sword      |     2 |     8 |    21 ||    31
